 Dungeon Crawl Stone Soup version 0.28-a0-563-gf77a47075d (webtiles) character file.

Game seed: 9432120346556750308

0 Gargoyl the Skirmisher (level 1, 0/23 HPs)
             Began as a Gnoll Abyssal Knight on Sept 30, 2021.
             Was a Follower of Lugonu.
             Succumbed to an orange demon's poison
             ... on level 2 of the Abyss.
             The game lasted 00:00:28 (180 turns).

Gargoyl the Skirmisher (Gnoll Abyssal Knight)        Turns: 180, Time: 00:00:29

Health: 0/23       AC:  3    Str: 12    XL:     1   Next: 0%
Magic:  3/3        EV: 12    Int:  9    God:    Lugonu [*.....]
Gold:   14         SH:  0    Dex: 12    Spells: 0/0 levels left

rFire   . . .      SeeInvis .   a - +1 hand axe
rCold   . . .      Faith    .   (no shield)
rNeg    . . .      Spirit   .   b - +0 leather armour
rPois   .          Reflect  .   (no helmet)
rElec   .          Harm     .   (no cloak)
rCorr   .          Rampage  .   (no gloves)
Will    .....                   (no boots)
Stlth   +.........              (no amulet)
HPRegen 0.07/turn               (no ring)
MPRegen 0.08/turn               (no ring)

@: lethally poisoned (0 -> -9)
A: fangs 1, strong nose, distributed training
a: Renounce Religion, Depart the Abyss


You were on level 2 of the Abyss.
You worshipped Lugonu.
Lugonu was aware of your devotion.
You visited 0 branches of the dungeon, and saw 0 of its levels.
You visited the Abyss 1 time.

You collected 14 gold pieces.

Inventory:

Hand Weapons
 a - a +1 hand axe (weapon)
Armour
 b - a +0 leather armour (worn)


   Skills:
 + Level 6.4 Fighting
 + Level 0.0 Short Blades
 + Level 0.0 Long Blades
 + Level 4.4 Axes
 + Level 0.0 Maces & Flails
 + Level 0.0 Polearms
 + Level 0.0 Staves
 + Level 0.0 Slings
 + Level 0.0 Bows
 + Level 0.0 Crossbows
 + Level 0.0 Throwing
 + Level 4.4 Armour
 + Level 2.3 Dodging
 + Level 0.0 Stealth
 + Level 0.0 Shields
 + Level 0.0 Unarmed Combat
 + Level 0.0 Spellcasting
 + Level 0.0 Conjurations
 + Level 0.0 Hexes
 + Level 0.0 Summonings
 + Level 0.0 Necromancy
 + Level 0.0 Translocations
 + Level 0.0 Transmutations
 + Level 0.0 Fire Magic
 + Level 0.0 Ice Magic
 + Level 0.0 Air Magic
 + Level 0.0 Earth Magic
 + Level 0.0 Poison Magic
 + Level 4.4 Invocations
 + Level 0.0 Evocations


You couldn't memorise any spells.
You didn't know any spells.
Your spell library was empty.

Dungeon Overview and Level Annotations

Branches:
Dungeon (0/15)

Altars:


Innate Abilities, Weirdness & Mutations

You have very sharp teeth.
Your uncanny sense of smell can sniff out nearby items.
Your experience applies equally to all skills.


Message History

A wretched star comes into view.
A wretched star is nearby!
A wretched star is nearby!
A wretched star is nearby!
Found a flail.
A small abomination comes into view. 2 spatial vortices come into view.
A sixfirhy comes into view.
A spatial maelstrom comes into view.
The spatial vortex hits you.
You are cast deeper into the Abyss!
You plunge deeper into the Abyss.
Found a murky emerald potion.
Unknown command.
c - a murky emerald potion It was a potion of curing.
You feel better.
A lurking horror comes into view.
A lurking horror is nearby!
A lurking horror is nearby!
You closely miss the lurking horror.
Unknown command.
You slash the lurking horror!
Your body is wracked with pain!
Unknown command.
A large abomination comes into view.
Found a runed hand crossbow.
An orange demon emerges from the beyond.
An orange demon is nearby!
An orange demon is nearby!
An orange demon is nearby!
Unknown command.
The orange demon screeches!
The orange demon stings you.
You are lethally poisoned!
The orange demon poisons you! The orange demon completely misses you.
You feel very sick. The orange demon stings you from afar.
* * * LOW HITPOINT WARNING * * *
You feel very sick.
* * * LOW HITPOINT WARNING * * *
You feel very sick.
You die...

# # #.....# ... .
#. # #... .#. #
#.##.# #...# ...#.
# ... #........ .
# .... .##.. ...
#### #..####.#. ∆
..# ##...#.#.## .#
.....###.###....
.# ∆
.......@....#.....
####..##..#....#
.# ## #.### ∆...#
∆ #4..# ...
##.....# .. ∆
...###. .# ##.##
###.. #.# ###


You could see an orange demon.

Vanquished Creatures
  A lurking horror (Abyss:2)
1 creature vanquished.

Notes
Turn   | Place    | Note
-------+----------+-------------------------------------------
     0 | Abyss:1  | Gargoyl the Gnoll Abyssal Knight began the quest for the
                  | Orb.
     0 | Abyss:1  | Reached XP level 1. HP: 23/23 MP: 3/3
    56 | Abyss:1  | Noticed a wretched star
    67 | Abyss:1  | Noticed a small abomination
    80 | Abyss:1  | Noticed a spatial vortex
    80 | Abyss:1  | Noticed a spatial vortex
    80 | Abyss:1  | Noticed a sixfirhy
    81 | Abyss:1  | Noticed a spatial maelstrom
   136 | Abyss:2  | Noticed a large abomination
   175 | Abyss:2  | Noticed an orange demon
   180 | Abyss:2  | Succumbed to an orange demon's poison

Illustrated notes

Levels and vault maps discovered:
Abyss:2:  base: Temple, hangedman_abyss_or_decor_lesser_grid, minivault_28

Action                   || total
-------------------------++-------
Melee: Hand axe          ||     2
  Use: Potion            ||     1
Dodge: Dodged            ||     1

Table legend: (Time is in decaauts)
 A = Elapsed time spent in this place.
 B = Non-inter-level travel time spent in this place.
 C = Inter-level travel time spent in this place.
 D = Time resting spent in this place.
 E = Time spent auto-exploring this place.
 F = Levels seen in this place.
 G = Mean time per level.
                   A        B        C        D        E       F      G
               +--------+--------+--------+--------+--------+-----+--------+
         Total |    180 |    180 |      0 |      0 |    109 |   2 |   90.0 |
         Abyss |    180 |    180 |      0 |      0 |    109 |   2 |   90.0 |
               +--------+--------+--------+--------+--------+-----+--------+

Top non-repeatable levels by time:
 Abyss:2: 99 daAuts
 Abyss:1: 81 daAuts
